 Dungeon Crawl Stone Soup version 0.24.1-8-ga250c9d538 (webtiles) character file.

Game seed: 549389988390665878, levelgen mode: deterministic

90 Gwenloh the Charmwright (level 4, 0/34 HPs)
             Began as a Merfolk Skald on May 8, 2020.
             Splashed by Ijyb's acid (13 damage)
             ... on level 3 of the Dungeon.
             The game lasted 00:11:52 (2614 turns).

Gwenloh the Charmwright (Merfolk Skald)             Turns: 2614, Time: 00:12:22

Health: 0/34       AC:  0    Str: 11    XL:     4   Next: 56%
Magic:  4/7        EV: 13    Int: 13    God:
Gold:   87         SH:  0    Dex: 13    Spells: 2/7 levels left

rFire    . . .     SeeInvis .   a - +0 spear
rCold    . . .     Gourm    .   (no shield)
rNeg     . . .     Faith    .   o - +0 leather armour
rPois    .         Spirit   .   (no helmet)
rElec    .         Reflect  .   (no cloak)
rCorr    .         Harm     .   (no gloves)
MR       .....                  (no boots)
Stlth    +.........             (no amulet)
HPRegen  0.11/turn              (no ring)
MPRegen  0.10/turn              (no ring)

@: shrouded, infused, corroded
A: change form in water, swift swim, stealthy swim
a: no special abilities


You were on level 3 of the Dungeon.
You were not hungry.

You visited 1 branch of the dungeon, and saw 3 of its levels.

You collected 87 gold pieces.

Inventory:

Hand Weapons
 a - a +0 spear (weapon)
 b - a +0 hunting sling
Missiles
 c - 77 stones
 r - 6 boomerangs (quivered)
Armour
 f - +0 pearl dragon scales
 k - a +0 buckler
 o - a +0 leather armour (worn)
Jewellery
 i - an uncursed ring of see invisible {unknown}
Scrolls
 h - a scroll of teleportation {unknown}
 n - a scroll of remove curse {unknown}
 p - a scroll of immolation {unknown}
 q - 2 scrolls of identify {unknown}
 u - a scroll of fear {unknown}
Potions
 e - a potion of agility {unknown}
 j - a potion of flight {unknown}
 l - 2 potions of resistance {unknown}
 m - 2 potions of lignification {unknown}
 s - a potion of heal wounds {unknown}
 t - a potion of ambrosia {unknown}
Comestibles
 d - 5 rations
 g - a chunk of flesh


   Skills:
 + Level 2.6 Fighting
 + Level 3.5 Polearms
 + Level 1.0 Armour
 * Level 3.5 Dodging
 + Level 0.9 Shields
 + Level 2.3 Spellcasting
 * Level 4.1 Charms
 + Level 0.4 Translocations


You had 2 spell levels left.
You knew the following spells:

 Your Spells              Type           Power        Failure   Level  Hunger
a - Infusion              Chrm           ##..         6%          1    #......
b - Song of Slaying       Chrm           ##......     9%          2    ###....
c - Shroud of Golubria    Chrm/Tloc      #.....       19%         2    ###....

Your spell library contained the following spells:

 Spells                   Type           Power        Failure   Level  Hunger
 Regeneration             Chrm/Necr      #.........   38%         3    ###....
 Spectral Weapon          Hex/Chrm       #.......     38%         3    ###....


Dungeon Overview and Level Annotations

Branches:
Dungeon (3/15)

Altars:

Annotations:
D:3 Ijyb


Message History

You reach to attack!
You barely miss Ijyb. You hit Ijyb but do no damage.
Ijyb hits you with a +0 club.
You barely miss Ijyb. You hit Ijyb.
Ijyb is lightly wounded.
Ijyb misses you.
You hit Ijyb but do no damage.
Ijyb is lightly wounded.
Ijyb closely misses you.
Casting: Shroud of Golubria (safe; 19% risk of failure)
Confirm with . or Enter, or press ? or * to list all spells.
Space distorts slightly along a thin shroud covering your body.
Ijyb closely misses you.
Casting: Shroud of Golubria (safe; 19% risk of failure)
Confirm with . or Enter, or press ? or * to list all spells.
You begin infusing your attacks with magical energy.
Ijyb zaps a wand.
The bolt of acid hits you!!
Ouch! That really hurt!
The acid corrodes you!
You are splashed with acid!
You die...

....
.........# ...
..#####.# ..
#.# #.# #.#
#.# #.#
#..#####.#####
#..?..g@.....#
#.######.###.#
#.# #.# #..
#.# #.# .#


You could see Ijyb.

Vanquished Creatures
  2 adders (D:2)
  3 worms
  2 dart slugs
  3 leopard geckos (D:2)
  A giant cockroach (D:1)
  7 goblins
  6 hobgoblins
  3 jackals (D:1)
  2 quokkas (D:2)
  9 bats
  12 frilled lizards
  4 kobolds
  2 rats (D:1)
56 creatures vanquished.

Notes
Turn   | Place    | Note
-------+----------+-------------------------------------------
     0 | D:1      | Gwenloh the Merfolk Skald began the quest for the Orb.
     0 | D:1      | Reached XP level 1. HP: 16/16 MP: 3/3
   253 | D:1      | Reached XP level 2. HP: 22/22 MP: 5/5
   261 | D:1      | Learned a level 2 spell: Song of Slaying
   264 | D:1      | Learned a level 2 spell: Shroud of Golubria
   988 | D:1      | Reached XP level 3. HP: 19/28 MP: 4/6
  1660 | D:2      | Reached XP level 4. HP: 23/34 MP: 3/7
  2062 | D:2      | Reached skill level 1 in Armour
  2062 | D:2      | Reached skill level 4 in Charms
  2604 | D:3      | Noticed Ijyb
  2614 | D:3      | Splashed by Ijyb's acid

Levels and vault maps discovered:
D:1:      co_arrival_square_in_a_square_in_a_square, layout_basic
D:2:      layout_loops_cross, first_ration, minmay_lizard_king
D:3:      layout_basic, uniq_ijyb

Skill      XL: |  1  2  3  4 |
---------------+-------------+-----
Dodging        | 3 |  3.5
Armour         | 1 |  1.0
Charms         | 4 |  4.1
Fighting       | |  2.6
Polearms       | |  3.5
Shields        | |  0.9
Spellcasting   | |  2.3
Translocations | |  0.4

Action                   |  1- 3 |  4- 6 || total
-------------------------+-------+-------++-------
Melee: Spear             |   130 |   108 ||   238
 Fire: Hunting sling     |    14 |       ||    14
Throw: Stone             |     4 |       ||     4
       Boomerang         |    15 |    13 ||    28
 Cast: Infusion          |     7 |     1 ||     8
       Shroud of Golubri |     4 |     7 ||    11
 Stab: Sleeping          |     1 |       ||     1
  Eat: Chunk             |     3 |     4 ||     7
Armor: Leather armour    |    30 |    11 ||    41
Dodge: Dodged            |    73 |    48 ||   121
